 Dungeon Crawl Stone Soup version 0.18-a0-1797-gc18daef (webtiles) character file.

93 M4edhros the Grave Robber (level 4, -2/27 HPs)
             Began as an Octopode Necromancer on Apr 22, 2016.
             Slain by a worker ant (7 damage)
             ... on level 4 of the Dungeon on Apr 23, 2016.
             The game lasted 00:06:30 (1292 turns).

M4edhros the Grave Robber (Octopode Necromancer)    Turns: 1292, Time: 00:06:31

Health: -2/27      AC:  1    Str:  7    XL:     4   Next: 61%
Magic:  1/7        EV: 12    Int: 17    God:
Gold:   124        SH:  5    Dex: 13    Spells: 3 memorised, 2 levels left

rFire  . . .     SeeInvis .       - Unarmed
rCold  . . .     Gourm    .     e - +1 buckler
rNeg   . . .     Faith    .     (helmet restricted)
rPois  .         Spirit   .     i - amulet of rage
rElec  .         Dismiss  .     (no ring)
rCorr  .         Reflect  .     (no ring)
SustAt .         Harm     .     (no ring)
MR     .....                    (no ring)
Stlth  +++.......               (no ring)
                                (no ring)
                                (no ring)
                                (no ring)

@: lethally poisoned (-2 -> -2), very slightly contaminated, regenerating, not
resistant to hostile enchantments, fairly stealthy
A: almost no armour, amphibious, 8 rings, constrict 8, camouflage 1, gelatinous
body 1
a: Evoke Berserk Rage


You were on level 4 of the Dungeon.
You were hungry.

You visited 1 branch of the dungeon, and saw 4 of its levels.

You collected 124 gold pieces.

Inventory:

Hand Weapons
 d - a +0 hunting sling
Missiles
 c - 25 stones (quivered)
 f - 12 poisoned needles
 g - 36 sling bullets
Armour
 e - a +1 buckler (worn)
Jewellery
 i - an amulet of rage (around mantle)
Scrolls
 k - a scroll of enchant armour
 m - 2 scrolls of remove curse {unknown}
Books
 a - a book of Necromancy

   Spells                             Type                      Level
   a - Pain                           Necromancy                   1
   b - Animate Skeleton               Necromancy                   1
   c - Vampiric Draining              Necromancy                   3
   d - Regeneration                   Charms/Necromancy            3
   e - Animate Dead                   Necromancy                   4
   f - Control Undead                 Necromancy                   4
Comestibles
 b - 3 bread rations
 h - 2 chunks of flesh
 j - a meat ration


   Skills:
 - Level 2.0 Dodging
 - Level 2.6 Stealth
 + Level 1.6 Shields
 + Level 3.5 Unarmed Combat
 - Level 2.0 Spellcasting
 - Level 4.0 Necromancy


You had 2 spell levels left.
You knew the following spells:

 Your Spells              Type           Power        Failure   Level  Hunger
a - Pain                  Necr           ###.         6%          1    #......
b - Regeneration          Chrm/Necr      #.........   34%         3    ###....
c - Animate Skeleton      Necr           N/A          6%          1    #......


Dungeon Overview and Level Annotations

Branches:
Dungeon (4/15)
 Temple: D:4-7

Altars:


Innate Abilities, Weirdness & Mutations

You cannot wear most types of armour.
You are amphibious.
You can wear up to eight rings at the same time.
You can use your tentacles to constrict eight enemies at once.
Your skin changes colour to match your surroundings (Stealth).
Your rubbery body absorbs attacks (AC +1).


Message History

Strange energies run through your body.
You are feeling hungry.
You constrict the worker ant, but do no damage.
The worker ant barely misses you.
Casting: Regeneration
Confirm with . or Enter, or press ? or * to list all spells.
Your skin crawls.
You constrict the worker ant.
You feel sick. The worker ant bites you.
* * * LOW HITPOINT WARNING * * *
You are more poisoned.
The worker ant poisons you!
Unknown command.
You aren't carrying any potions.
Read which item? (? for menu, Esc to quit)
Okay, then.
You barely miss the worker ant.
The worker ant is moderately wounded.
You constrict the worker ant.
You feel sick. You block the worker ant's attack. The worker ant bites you!
You die...

##### .... ...# ###...#
.## #.# #.....#
##.#...#.## #.#..##.#
.....#....#####.#..[..#
##.#.........<).@..#
#.....#..######a####
#........# #...#
#..##.#.# #...# #...<.#
#...# +..o### #...#
#+#...# #...#
#.##..########<..####
#....#.#..............


You could see a worker ant.

Vanquished Creatures
  3 adders
  A worm (D:2)
  3 dart slugs
  A giant gecko (D:1)
  3 orcs (D:4)
  3 giant cockroaches
  5 goblins
  3 hobgoblins
  A bat (D:3)
  A giant newt (D:1)
  2 kobolds (D:3)
  2 rats
28 creatures vanquished.

Vanquished Creatures (collateral kills)
  An orc wizard (D:4)
  2 orcs (D:4)
3 creatures vanquished.

Grand Total: 31 creatures vanquished

Notes
Turn   | Place    | Note
--------------------------------------------------------------
     0 | D:1      | M4edhros the Octopode Necromancer began the quest for the Orb.
     0 | D:1      | Reached XP level 1. HP: 11/11 MP: 3/3
   112 | D:1      | Reached skill level 1 in Unarmed Combat
   270 | D:4      | Noticed an orc wizard
   288 | D:3      | Reached XP level 2. HP: 10/17 MP: 0/5
   574 | D:2      | Reached XP level 3. HP: 17/21 MP: 4/6
   582 | D:2      | Learned a level 3 spell: Regeneration
   724 | D:3      | Noticed an ogre
   868 | D:4      | Learned a level 1 spell: Animate Skeleton
   878 | D:4      | Reached skill level 1 in Shields
   878 | D:4      | Reached XP level 4. HP: 11/27 MP: 0/7
   920 | D:3      | You fall through a shaft!
  1292 | D:4      | Slain by a worker ant

Vault maps used:
D:1:      lemuel_arrival_funnel
D:2:      first_bread, serial_bayou_lagoon_a
D:3:      minivault_26, minmay_tree_intersection, minmay_misc_feat_pillars,
          roderic_aztec_sauvastika
D:4:      kennysheep_little_box, minmay_temple_entry_junction, serial_shops,
          nicolae_shop_behind_doors, uniq_eustachio

Skill      XL: |  1  2  3 |
---------------+----------+-----
Unarmed Combat | 1 2 3 |  3.5
Shields        | 1 |  1.6
Dodging        | |  2.0
Stealth        | |  2.6
Spellcasting   | |  2.0
Necromancy     | |  4.0

Action                   |  1- 3 |  4- 6 || total
-------------------------+-------+-------++-------
Melee: Unarmed           |    20 |    29 ||    49
       Tentacles         |     8 |     2 ||    10
       Constrict         |     7 |     6 ||    13
 Fire: Hunting sling     |    10 |       ||    10
 Cast: Pain              |    29 |     1 ||    30
       Regeneration      |     4 |     4 ||     8
       Animate Skeleton  |     3 |     3 ||     6
  Use: Potion            |     1 |     2 ||     3
       Scroll            |     2 |       ||     2
 Stab: Sleeping          |       |     1 ||     1
  Eat: Chunk             |       |     3 ||     3
Armor: Skin              |       |     2 ||     2
Dodge: Dodged            |     7 |    15 ||    22
Block: Buckler           |     3 |     7 ||    10
